 Dungeon Crawl Stone Soup version 0.16-a0-110-ge8ded92 (webtiles) character file.

44 billmawashi the Grave Robber (level 3, 0/28 HPs)
             Began as a Deep Dwarf Necromancer on Aug 10, 2014.
             Slain by Crazy Yiuf
             ... wielding a +3 quarterstaff of chaos
              (7 damage)
             ... on Level 3 of the Dungeon.
             The game lasted 00:07:38 (1089 turns).

billmawashi the Grave Robber (DDNe)                 Turns: 1089, Time: 00:07:39

HP   0/28        AC  2     Str 11      XL: 3   Next: 41%
MP   0/5         EV 12     Int 16      God:
Gold 86          SH  0     Dex 13      Spells:  1 memorised,  4 levels left

rFire  . . .     SeeInvis .     p - +0 mace
rCold  . . .     Clarity  .     a - +0 robe
rNeg   . . .     rCorr    .     (no shield)
rPois  .         rRot     .     (no helmet)
rElec  .         Spirit   .     (no cloak)
SustAb .         Warding  .     (no gloves)
rMut   .         Stasis   .     (no boots)
Gourm  .                        (no amulet)
MR     .....                    (no ring)
                                (no ring)

@: non-regenerating, not resistant to hostile enchantments, unstealthy
A: damage resistance, recharge devices, sense surroundings 1, slow healing 3
a: Device Recharging


You were on level 3 of the Dungeon.
You were hungry.

You visited 1 branch of the dungeon, and saw 3 of its levels.

You collected 86 gold pieces.

Inventory:

Hand weapons
 n - a +0 club
 p - a +0 mace (weapon)
Armour
 a - a +0 robe (worn)
Magical devices
 c - a wand of heal wounds (3)
Comestibles
 d - a bread ration
 t - a chunk of adder flesh
Scrolls
 h - a scroll of immolation {unknown}
 i - 2 scrolls of blinking {unknown}
 j - a scroll of enchant weapon {unknown}
 k - a scroll of identify {unknown}
 o - 3 scrolls of teleportation {unknown}
 r - a scroll of remove curse {unknown}
Jewellery
 e - an uncursed ring of ice {unknown}
 l - an uncursed ring of wizardry {unknown}
 m - a +4 ring of dexterity {unknown}
 s - an uncursed amulet of warding {unknown}
Potions
 g - 3 potions of curing {unknown}
Books
 b - a book of Necromancy

   Spells                             Type                      Level
   *Pain                              Necromancy                   1
   Animate Skeleton                   Necromancy                   1
   Vampiric Draining                  Necromancy                   3
   Regeneration                       Charms/Necromancy            3
   Animate Dead                       Necromancy                   4
   Control Undead                     Necromancy                   4


   Skills:
 - Level 2.1 Dodging
 - Level 2.4 Stealth
 - Level 1.7 Spellcasting
 + Level 5.7 Necromancy


You had 4 spell levels left.
You knew the following spells:

 Your Spells              Type           Power        Failure   Level  Hunger
a - Pain                  Necr           ###.         1%          1    ##.....


Dungeon Overview and Level Annotations

Branches:
Dungeon (3/15)

Altars:

Annotations:
D:3 Crazy Yiuf


Innate Abilities, Weirdness & Mutations

You are resistant to damage.
You can recharge devices by infusing magical energy.
You passively map a small area around you.
You do not heal naturally.


Message History

Zapping:
c - a wand of heal wounds (4)
Press: ? - help, Shift-Dir - straight line, f - you, p - Crazy Yiuf You feel much better.
This wand has 3 charges left.
Crazy Yiuf hits you with a quarterstaff of chaos!
Crazy Yiuf burns you.
Crazy Yiuf screams, "Key sanguine agre!"
There is a stone staircase leading down here.
Crazy Yiuf closely misses you.
You climb downwards.
A giant gecko comes into view.
There is a stone staircase leading up here.
Casting: Pain
Confirm with . or Enter, or press ? or * to list all spells.
You don't have enough magic to cast that spell.
You barely miss Crazy Yiuf.
Crazy Yiuf is heavily wounded.
Crazy Yiuf hits you with a quarterstaff of chaos!
* * * LOW HITPOINT WARNING * * *
You are electrocuted!
You die...

, * * , , *
* , * ,
###** *, *
,, ,#@# ,
♣..g#*,
......#* *
,
.lP♣♣....,,
.P *♣...#*
....# *
♣....# ,
.....# , *
###


You could see Crazy Yiuf and a giant gecko.

Vanquished Creatures
  An adder (D:2)
  A giant mite (D:2)
  A giant gecko (D:2)
  An ooze (D:1)
  A ball python (D:2)
  3 bats (D:1)
  3 giant cockroaches
  2 goblins (D:1)
  4 hobgoblins
  2 giant newts
  2 kobolds
  5 rats
26 creatures vanquished.

Notes
Turn   | Place    | Note
--------------------------------------------------------------
     0 | D:1      | billmawashi, the Deep Dwarf Necromancer, began the quest for the Orb.
     0 | D:1      | Reached XP level 1. HP: 15/15 MP: 2/2
   231 | D:1      | Reached XP level 2. HP: 22/22 MP: 0/3
   356 | D:1      | Reached skill level 5 in Necromancy
   744 | D:2      | Reached XP level 3. HP: 26/28 MP: 3/5
  1065 | D:2      | Noticed Crazy Yiuf
  1089 | D:3      | Slain by Crazy Yiuf

Action                   || total
-------------------------++-------
Melee: Unarmed           ||    10
       Mace              ||    19
 Cast: Pain              ||    44
Evoke: Wand              ||     2
  Eat: Chunk             ||     1
